[Event "EYCC Open-U14 2019"]
[Site "Bratislava"]
[Date "2019.08.07"]
[Round "6.18"]
[White "Stalmach, Richard"]
[Black "Revaliente Montoya, Ciro"]
[Result "0-1"]
[ECO "A53"]
[WhiteElo "2381"]
[BlackElo "1917"]
[Annotator "NA"]
[PlyCount "108"]
[EventDate "2019.08.02"]
[EventType "swiss"]
[EventCountry "SVK"]
[SourceTitle "playchess.com"]
[Source "ChessBase"]
[SourceQuality "1"]
[TimeControl "40/5400+30:1800+30"]

1. d4 Nf6 2. c4 d6 3. Nc3 e5 4. e3 e4 5. Nge2 Bf5 6. h4 h6 7. Nf4 g6 8. Be2 h5 9. b3 Bg7 10. Bb2 O-O 11. Qd2 c6 12. O-O-O a5 13. f3 Qd7 14. Rdg1 exf3 15. gxf3 d5 16. Nd3 Qe7 17. Ne5 Nbd7 18. Bd3 Bxd3 19. Qxd3 Rfd8 20. cxd5 Nxe5 21. dxe5 Nxd5 22. Qe4 Bxe5 23. Nxd5 Rxd5 24. Kb1 Qf6 25. Rg2 Bxb2 26. Rxb2 Re5 27. Qf4 Qxf4 28. exf4 Rf5 29. Rd2 Rxf4 30. Rd7 b5 31. Rc7 Rxf3 32. Rxc6 a4 33. b4 Rf4 34. a3 Rf3 35. Rb6 Rxa3 36. Rxb5 Rf3 37. Rh2 Re8 38. Rb7 Rb3+ 39. Ka2 Ree3 40. Rf2 f5 41. Rc2 Rec3 42. Rxc3 Rxc3 43. Ra7 Rc4 44. Ka3 f4 45. Kxa4 f3 46. Kb5 f2 47. Ra1 Rxh4 48. Kc5 Rf4 49. Rf1 g5 50. b5 g4 51. b6 g3 52. b7 Rf8 53. Kd4 g2 54. Rxf2 g1=Q {[%emt 0:00:04] Rg2+} 0-1

[Event "EYCC Open-U14 2019"]
[Site "Bratislava"]
[Date "2019.08.07"]
[Round "6.19"]
[White "Poltorak, Sebastian"]
[Black "Musyuk, Lior"]
[Result "1-0"]
[ECO "D35"]
[WhiteElo "2068"]
[BlackElo "2236"]
[Annotator "NA"]
[PlyCount "81"]
[EventDate "2019.08.02"]
[EventType "swiss"]
[EventCountry "SVK"]
[SourceTitle "playchess.com"]
[Source "ChessBase"]
[SourceQuality "1"]
[TimeControl "40/5400+30:1800+30"]

1. d4 Nf6 2. c4 e6 3. Nc3 d5 4. cxd5 Nxd5 5. e4 Nxc3 6. bxc3 c5 7. Nf3 cxd4 8. cxd4 Bb4+ 9. Bd2 Bxd2+ 10. Qxd2 O-O 11. Bc4 Nc6 12. O-O b6 13. Rad1 Bb7 14. Rfe1 Rc8 15. Qf4 Na5 16. Bd3 Qf6 17. Qg3 h6 18. d5 exd5 19. e5 Qe7 20. e6 fxe6 21. Qg6 Qf6 22. Qh7+ Kf7 23. Bg6+ Ke7 24. Nd4 Rc6 25. Nxc6+ Nxc6 26. f4 Kd6 27. Bh5 Rc8 28. Bg4 Nd8 29. Qd3 Qxf4 30. Qe2 Qf6 31. Rf1 Qg6 32. Rde1 Rc2 33. Qe5+ Kd7 34. Bh3 Rd2 35. Rf8 d4 36. Rxd8+ Kxd8 37. Qd6+ Ke8 38. Rxe6+ Qxe6 39. Qxe6+ Kf8 40. Qd6+ Kg8 41. Qb8+ 1-0

[Event "EYCC Open-U14 2019"]
[Site "Bratislava"]
[Date "2019.08.07"]
[Round "6.20"]
[White "Frank, Adam"]
[Black "Fernandez Lopez, Ruben"]
[Result "1/2-1/2"]
[ECO "B33"]
[WhiteElo "2125"]
[BlackElo "2207"]
[Annotator "NA"]
[PlyCount "108"]
[EventDate "2019.08.02"]
[EventType "swiss"]
[EventCountry "SVK"]
[SourceTitle "playchess.com"]
[Source "ChessBase"]
[SourceQuality "1"]
[TimeControl "40/5400+30:1800+30"]

1. e4 c5 2. Nf3 e6 3. d4 cxd4 4. Nxd4 Nf6 5. Nc3 Nc6 6. Ndb5 d6 7. Bf4 e5 8. Bg5 a6 9. Na3 Be6 10. Nc4 Rb8 11. a4 Nb4 12. Be2 Be7 13. Bxf6 Bxf6 14. Ne3 Bg5 15. Ned5 Nxd5 16. Nxd5 O-O 17. Bc4 g6 18. O-O Kh8 19. Qe2 Rc8 20. Rad1 f5 21. f3 Qa5 22. Bb3 fxe4 23. fxe4 h5 24. h3 Bxd5 25. Rxd5 Qd8 26. g3 h4 27. Rd3 Qb6+ 28. Kg2 Kg7 29. Rdf3 hxg3 30. Rf7+ Rxf7 31. Rxf7+ Kh6 32. h4 Bf4 33. h5 Qe3 34. Qxe3 Bxe3 35. hxg6 Kxg6 36. Kxg3 Bf4+ 37. Kf3 b5 38. axb5 axb5 39. Rd7 Bc1 40. Kg4 Rf8 41. Rxd6+ Rf6 42. Be6 Rf4+ 43. Kg3 Bxb2 44. Bf5+ Kg5 45. Rg6+ Kh5 46. Rb6 Bc3 47. Rxb5 Kg5 48. Rb1 Bd4 49. c4 Rf2 50. Rb7 Rc2 51. Rg7+ Kf6 52. Rg6+ Kf7 53. Ra6 Ke7 54. Kg4 Rxc4 1/2-1/2

[Event "EYCC Open-U14 2019"]
[Site "Bratislava"]
[Date "2019.08.07"]
[Round "6.21"]
[White "Neumann, Filip"]
[Black "Papadiamandis, Elliot"]
[Result "1/2-1/2"]
[ECO "B51"]
[WhiteElo "1982"]
[BlackElo "2202"]
[Annotator "NA"]
[PlyCount "56"]
[EventDate "2019.08.02"]
[EventType "swiss"]
[EventCountry "SVK"]
[SourceTitle "playchess.com"]
[Source "ChessBase"]
[SourceQuality "1"]
[TimeControl "40/5400+30:1800+30"]

1. e4 c5 2. Nf3 d6 3. Bb5+ Nd7 4. O-O a6 5. Bxd7+ Bxd7 6. c3 Nf6 7. Re1 e5 8. d4 Qc7 9. a4 Rc8 10. a5 Be7 11. Nbd2 c4 12. Nf1 Bc6 13. d5 Bb5 14. Bg5 Qd8 15. N3d2 h6 16. Be3 Nd7 17. Ng3 Nc5 18. Nf5 Nd3 19. Nxg7+ Kf8 20. Nf5 Nxe1 21. Qg4 Bg5 22. Rxe1 Bd7 23. f4 Bxf5 24. Qxf5 Bxf4 25. Bxf4 exf4 26. e5 Kg7 27. Ne4 dxe5 28. Qxe5+ f6 1/2-1/2

[Event "EYCC Open-U14 2019"]
[Site "Bratislava"]
[Date "2019.08.07"]
[Round "6.22"]
[White "Yaniv, Yuval"]
[Black "Indriunas, Matas"]
[Result "1-0"]
[ECO "B27"]
[WhiteElo "2135"]
[BlackElo "1960"]
[Annotator "NA"]
[PlyCount "63"]
[EventDate "2019.08.02"]
[EventType "swiss"]
[EventCountry "SVK"]
[SourceTitle "playchess.com"]
[Source "ChessBase"]
[SourceQuality "1"]
[TimeControl "40/5400+30:1800+30"]

1. e4 c5 2. Nf3 g6 3. Bc4 Bg7 4. c3 e6 5. d4 cxd4 6. Nxd4 a6 7. O-O Ne7 8. Bb3 O-O 9. Bg5 h6 10. Bh4 g5 11. Bg3 d5 12. exd5 Nxd5 13. Qf3 Nf4 14. Bxf4 gxf4 15. Rd1 Qf6 16. Qe4 e5 17. Nf3 Nc6 18. Bc2 Re8 19. Nbd2 Bg4 20. Qh7+ Kf8 21. Ne4 Qe6 22. Nh4 Bxd1 23. Bxd1 Ne7 24. Bb3 Qg4 25. Nf6 Qc8 26. Nh5 Qg4 27. Nf6 Qc8 28. h3 Rd8 29. Nh5 Ke8 30. Qxg7 Kd7 31. Rd1+ Kc7 32. Qxe5+ 1-0

[Event "EYCC Open-U14 2019"]
[Site "Bratislava"]
[Date "2019.08.07"]
[Round "6.23"]
[White "Stockmann, Till"]
[Black "Sokolovsky, Yahli"]
[Result "0-1"]
[ECO "B09"]
[WhiteElo "1975"]
[BlackElo "2093"]
[Annotator "NA"]
[PlyCount "161"]
[EventDate "2019.08.02"]
[EventType "swiss"]
[EventCountry "SVK"]
[SourceTitle "playchess.com"]
[Source "ChessBase"]
[SourceQuality "1"]
[TimeControl "40/5400+30:1800+30"]

1. d4 d6 2. e4 Nf6 3. Nc3 g6 4. f4 Bg7 5. Nf3 O-O 6. Bd3 Nc6 7. e5 dxe5 8. dxe5 Nd5 9. Nxd5 Qxd5 10. Qe2 Bg4 11. Be4 Qd7 12. Be3 Nd4 13. Bxd4 Bxf3 14. Qxf3 Qxd4 15. c3 Qb6 16. O-O-O f6 17. e6 f5 18. Bc2 Rad8 19. h4 h5 20. Rd7 Bf6 21. Bb3 Rb8 22. g3 Rfc8 23. Qd3 Kg7 24. Re1 a5 25. g4 hxg4 26. h5 c6 27. hxg6 Qb5 28. Bc2 Qxd3 29. Bxd3 Rf8 30. Bxf5 Bxc3 31. bxc3 Rxf5 32. Rxe7+ Kxg6 33. Rd7 Rxf4 34. e7 Re8 35. Rxb7 Kf7 36. Ra7 Rf5 37. Rg1 Rg5 38. Rc7 Rxe7 39. Rxc6 Re2 40. Rg3 Rf5 41. Rd6 Rxa2 42. Kb1 Re2 43. Rd1 Rf4 44. Rdg1 Ree4 45. Kc2 Kf6 46. Rd3 Kf5 47. Rd5+ Re5 48. Rd8 Ree4 49. Rd5+ Re5 50. Rd8 Rf2+ 51. Kd3 Rf3+ 52. Kd2 g3 53. Rf8+ Kg4 54. Rg8+ Rg5 55. Re8 a4 56. Ra8 Rf2+ 57. Ke3 Rf4 58. Rd8 a3 59. Ra8 Re5+ 60. Kd3 Rf3+ 61. Kd4 Rg5 62. Rxa3 Rf2 63. Ke3 Re5+ 64. Kd4 Ree2 65. Ra8 g2 66. Rg8+ Kh3 67. Kd3 Kh2 68. Rd1 Re5 69. Rh8+ Kg3 70. Rg8+ Kh3 71. Rh8+ Kg4 72. Rg1 Rg5 73. c4 Kg3 74. Ke3 Rf1 75. Rhh1 Rxg1 76. Rxg1 Rg4 77. c5 Kh2 78. Rxg2+ Kxg2 79. Kd3 Kf3 80. c6 Rg6 81. Kd4 0-1

[Event "EYCC Open-U14 2019"]
[Site "Bratislava"]
[Date "2019.08.07"]
[Round "6.24"]
[White "Meskenas, Paulius"]
[Black "Levin, Guy"]
[Result "0-1"]
[ECO "B87"]
[WhiteElo "2040"]
[BlackElo "2005"]
[Annotator "NA"]
[PlyCount "64"]
[EventDate "2019.08.02"]
[EventType "swiss"]
[EventCountry "SVK"]
[SourceTitle "playchess.com"]
[Source "ChessBase"]
[SourceQuality "1"]
[TimeControl "40/5400+30:1800+30"]

1. e4 c5 2. Nf3 d6 3. d4 cxd4 4. Nxd4 Nf6 5. Nc3 a6 6. Bc4 e6 7. Bb3 b5 8. O-O Be7 9. Qf3 Qb6 10. Be3 Qb7 11. Bg5 Nbd7 12. Qg3 b4 13. Bxf6 Nxf6 14. Ba4+ Bd7 15. Bxd7+ Nxd7 16. Nce2 Qxe4 17. Qb3 O-O 18. Rad1 a5 19. Ng3 Qb7 20. Rfe1 d5 21. Nh5 Nf6 22. Ng3 a4 23. Qf3 Bc5 24. h4 Qb6 25. Qf4 Rac8 26. Re2 Bd6 27. Qf3 Bxg3 28. Qxg3 Ne4 29. Qf3 Rc4 30. Qd3 Rfc8 31. g3 a3 32. bxa3 Nc3 0-1

[Event "EYCC Open-U14 2019"]
[Site "Bratislava"]
[Date "2019.08.07"]
[Round "6.25"]
[White "Unneland, Mathias"]
[Black "Stamatiou, Rodolfos"]
[Result "1-0"]
[ECO "E16"]
[WhiteElo "1966"]
[BlackElo "2121"]
[Annotator "NA"]
[PlyCount "131"]
[EventDate "2019.08.02"]
[EventType "swiss"]
[EventCountry "SVK"]
[SourceTitle "playchess.com"]
[Source "ChessBase"]
[SourceQuality "1"]
[TimeControl "40/5400+30:1800+30"]

1. d4 Nf6 2. c4 e6 3. Nf3 b6 4. g3 Bb7 5. Bg2 Bb4+ 6. Nbd2 O-O 7. O-O d5 8. a3 Bxd2 9. Nxd2 Nbd7 10. Qc2 Rc8 11. b3 c5 12. dxc5 Nxc5 13. Rd1 Qe7 14. a4 Rfd8 15. Ba3 d4 16. b4 Na6 17. Bxb7 Qxb7 18. Nf3 Qe4 19. Qxe4 Nxe4 20. Rxd4 Rxd4 21. Nxd4 Rxc4 22. Nb5 Nxb4 23. f3 Nc5 24. Rd1 Nc6 25. Nxa7 Rd4 26. Rxd4 Nxd4 27. Bxc5 bxc5 28. Kf2 Kf8 29. Nb5 Nb3 30. Ke3 Ke7 31. Kd3 Na5 32. Nc3 f5 33. e4 Kd6 34. exf5 exf5 35. f4 g6 36. h3 Nb3 37. g4 fxg4 38. hxg4 h5 39. Ne4+ Kd5 40. gxh5 c4+ 41. Kc3 gxh5 42. Nf6+ Kc5 43. Nxh5 Nd4 44. Ng3 Ne6 45. f5 Nc7 46. Ne4+ Kd5 47. Nd2 Ke5 48. Kxc4 Kxf5 49. Kc5 Ke6 50. Kc6 Na6 51. Kb6 Nb4 52. a5 Kd7 53. Kb7 Kd8 54. Ne4 Kd7 55. Nc3 Nc6 56. a6 Na5+ 57. Kb6 Nc4+ 58. Kc5 Kc7 59. Nd5+ Kb8 60. Kxc4 Ka7 61. Nb4 Kb6 62. Kd5 Ka7 63. Kc6 Kb8 64. Kb6 Ka8 65. Nd5 Kb8 66. a7+ 1-0

[Event "EYCC Open-U14 2019"]
[Site "Bratislava"]
[Date "2019.08.07"]
[Round "6.26"]
[White "Liu, Casper"]
[Black "Danaci, Ege"]
[Result "1-0"]
[ECO "B10"]
[WhiteElo "2194"]
[BlackElo "1976"]
[Annotator "NA"]
[PlyCount "81"]
[EventDate "2019.08.02"]
[EventType "swiss"]
[EventCountry "SVK"]
[SourceTitle "playchess.com"]
[Source "ChessBase"]
[SourceQuality "1"]
[TimeControl "40/5400+30:1800+30"]

1. e4 c6 2. Nf3 d5 3. exd5 cxd5 4. Ne5 Nc6 5. d4 e6 6. c3 Bd6 7. f4 Nf6 8. Bd3 Ne4 9. Bxe4 dxe4 10. Qe2 Bxe5 11. fxe5 Qd5 12. O-O b6 13. Nd2 Bb7 14. Qxe4 Qxe4 15. Nxe4 O-O 16. Nd6 Ba6 17. Re1 Rad8 18. Bf4 f6 19. Bg3 fxe5 20. dxe5 Rd7 21. Rad1 Ne7 22. b4 Rc7 23. b5 Bc8 24. c4 Nf5 25. Bf2 Bb7 26. Nxb7 Rxb7 27. g4 Nh6 28. Re4 Nf7 29. Be3 Rc7 30. a4 Rfc8 31. Rc1 Nd8 32. a5 bxa5 33. c5 Rb7 34. c6 Rxb5 35. c7 Nf7 36. Bxa7 Nxe5 37. Bb8 Nd7 38. Rxe6 Nxb8 39. Rd6 Re5 40. Rd8+ Re8 41. Rxe8+ 1-0

[Event "EYCC Open-U14 2019"]
[Site "Bratislava"]
[Date "2019.08.07"]
[Round "6.27"]
[White "Krupa, Miroslav"]
[Black "Jares, Michal"]
[Result "1/2-1/2"]
[ECO "B76"]
[WhiteElo "2114"]
[BlackElo "1974"]
[Annotator "NA"]
[PlyCount "119"]
[EventDate "2019.08.02"]
[EventType "swiss"]
[EventCountry "SVK"]
[SourceTitle "playchess.com"]
[Source "ChessBase"]
[SourceQuality "1"]
[TimeControl "40/5400+30:1800+30"]

1. e4 c5 2. Nf3 d6 3. d4 cxd4 4. Nxd4 Nf6 5. Nc3 g6 6. Be3 Bg7 7. f3 O-O 8. Qd2 d5 9. O-O-O e5 10. Nb3 d4 11. Bh6 Qe7 12. Ne2 a5 13. Kb1 Be6 14. Nbc1 Rc8 15. h4 Na6 16. h5 Nb4 17. Bxg7 Kxg7 18. hxg6 fxg6 19. c3 dxc3 20. Nxc3 Qf7 21. Bb5 a4 22. a3 Nc6 23. Bxc6 Rxc6 24. Nd3 Qc7 25. Nb4 Rc4 26. Qd6 Qxd6 27. Rxd6 Bf7 28. Rhd1 Rc5 29. Rb6 Rac8 30. Nxa4 R5c7 31. Nc3 Nd7 32. Rbd6 Nc5 33. Ncd5 Bxd5 34. Nxd5 Rc6 35. Nb6 Rxd6 36. Rxd6 Rc7 37. b4 Nb3 38. Kb2 Nd4 39. Rd7+ Rxd7 40. Nxd7 Ne2 41. Nxe5 Nf4 42. g3 Ne2 43. g4 h5 44. gxh5 gxh5 45. a4 Kf6 46. Nd3 Ke7 47. a5 Kd7 48. f4 h4 49. f5 h3 50. Ne5+ Kd8 51. Ng4 Ng3 52. Kc3 Nxe4+ 53. Kd4 Nf6 54. Nh2 Kd7 55. Kc5 Kc7 56. b5 b6+ 57. axb6+ Kb7 58. Nf3 Nh5 59. Nh2 Ng3 60. Kd4 1/2-1/2

[Event "EYCC Open-U14 2019"]
[Site "Bratislava"]
[Date "2019.08.07"]
[Round "6.28"]
[White "Ochedzan, Tymon"]
[Black "Wernberg, Hugo"]
[Result "1/2-1/2"]
[ECO "B94"]
[WhiteElo "2037"]
[BlackElo "1963"]
[Annotator "NA"]
[PlyCount "99"]
[EventDate "2019.08.02"]
[EventType "swiss"]
[EventCountry "SVK"]
[SourceTitle "playchess.com"]
[Source "ChessBase"]
[SourceQuality "1"]
[TimeControl "40/5400+30:1800+30"]

1. e4 c5 2. Nf3 d6 3. d4 cxd4 4. Nxd4 Nf6 5. Nc3 a6 6. Bg5 Nbd7 7. a4 g6 8. a5 Bg7 9. Nb3 O-O 10. Be2 h6 11. Be3 Ne5 12. O-O Be6 13. Bb6 Qd7 14. f4 Nc6 15. h3 g5 16. f5 Bxb3 17. cxb3 Ne8 18. Qd2 Be5 19. Nd5 Nf6 20. Nxf6+ Bxf6 21. b4 Ne5 22. Rfc1 Rfc8 23. Kh1 Rxc1+ 24. Rxc1 Rc8 25. Rc2 Rc6 26. Qc1 Kg7 27. b3 Qc8 28. Rxc6 Qxc6 29. Qxc6 Nxc6 30. b5 Nb4 31. bxa6 bxa6 32. Bc4 Bc3 33. Kg1 Nc6 34. Bxa6 Nxa5 35. Bc4 Nxc4 36. bxc4 Kf6 37. Bd8 Ke5 38. Bxe7 Kxe4 39. Bxd6 Kxf5 40. g4+ Ke4 41. Kg2 f5 42. c5 fxg4 43. hxg4 Kd5 44. Bf8 Bd4 45. Kf3 Bg1 46. Bxh6 Bxc5 47. Bxg5 Ke6 48. Ke4 Bb4 49. Be3 Kf6 50. Bd4+ {[%emt 0:00:00] Ke5+} 1/2-1/2

[Event "EYCC Open-U14 2019"]
[Site "Bratislava"]
[Date "2019.08.07"]
[Round "6.29"]
[White "Grigoryan, Aram"]
[Black "Popov, Maksim M."]
[Result "1-0"]
[ECO "E47"]
[WhiteElo "1947"]
[BlackElo "2152"]
[Annotator "NA"]
[PlyCount "69"]
[EventDate "2019.08.02"]
[EventType "swiss"]
[EventCountry "SVK"]
[SourceTitle "playchess.com"]
[Source "ChessBase"]
[SourceQuality "1"]
[TimeControl "40/5400+30:1800+30"]

1. d4 e6 2. c4 Nf6 3. Nc3 Bb4 4. e3 O-O 5. Bd3 b6 6. Bd2 Bb7 7. Nf3 c5 8. O-O cxd4 9. exd4 d5 10. cxd5 Bxc3 11. bxc3 Nxd5 12. Qe2 Nc6 13. Qe4 Nf6 14. Qh4 Ne7 15. Bg5 Ng6 16. Qg3 Rc8 17. Rac1 Bxf3 18. Qxf3 Qd5 19. Qe3 Qxa2 20. h4 Nd5 21. Qg3 f6 22. Bh6 Rf7 23. c4 Nde7 24. h5 Nf8 25. Bf4 Nf5 26. Bxf5 exf5 27. Qd3 Qa6 28. d5 Qa4 29. Qxf5 Rxc4 30. Rxc4 Qxc4 31. Rc1 Qb5 32. Rc8 Qd7 33. Qe6 Qa4 34. Rxf8+ Kxf8 35. Bd6+ 1-0

[Event "EYCC Open-U14 2019"]
[Site "Bratislava"]
[Date "2019.08.07"]
[Round "6.30"]
[White "Hak, David"]
[Black "Kalosha, Zhiulien Oleksii"]
[Result "1/2-1/2"]
[ECO "C45"]
[WhiteElo "2012"]
[BlackElo "1936"]
[Annotator "NA"]
[PlyCount "128"]
[EventDate "2019.08.02"]
[EventType "swiss"]
[EventCountry "SVK"]
[SourceTitle "playchess.com"]
[Source "ChessBase"]
[SourceQuality "1"]
[TimeControl "40/5400+30:1800+30"]

1. e4 e5 2. Nf3 Nc6 3. d4 exd4 4. Nxd4 Bc5 5. Nb3 Bb6 6. a4 a6 7. Nc3 d6 8. Bd3 Nge7 9. Qe2 Be6 10. Nd5 Bxd5 11. exd5 Ne5 12. c4 Nxd3+ 13. Qxd3 O-O 14. O-O Ng6 15. Nd2 Ne5 16. Qg3 Qd7 17. b3 Bd4 18. Rb1 Qf5 19. Bb2 Bxb2 20. Rxb2 Nd3 21. Rbb1 Rae8 22. Nf3 Re7 23. Rbd1 Nf4 24. Nd4 Qe4 25. f3 Qxd4+ 26. Rxd4 Ne2+ 27. Kf2 Nxg3 28. hxg3 Rfe8 29. Rd2 Re3 30. Rb1 Rc3 31. Rbb2 f5 32. Re2 Rxe2+ 33. Kxe2 Rc1 34. Kd2 Rg1 35. Kc3 Kf7 36. b4 Ra1 37. Kb3 g5 38. b5 Kf6 39. b6 cxb6 40. Re2 Rb1+ 41. Kc3 Rc1+ 42. Kd3 Rd1+ 43. Kc2 Rg1 44. f4 g4 45. Re6+ Kf7 46. Rxd6 Rxg2+ 47. Kd1 Rxg3 48. Rxb6 Rf3 49. Rxb7+ Kf6 50. Rb6+ Kf7 51. Rb7+ Ke8 52. Rb8+ Kd7 53. Rb7+ Kc8 54. Rxh7 Rxf4 55. Rh5 Kd7 56. Ke2 g3 57. Rg5 Rf2+ 58. Ke1 f4 59. c5 Rc2 60. Rg7+ Kd8 61. Rg8+ Ke7 62. d6+ Kd7 63. Rg7+ Kd8 64. Rg8+ Kd7 1/2-1/2

[Event "EYCC Open-U14 2019"]
[Site "Bratislava"]
[Date "2019.08.07"]
[Round "6.31"]
[White "Talibov, Shiroghlan"]
[Black "Cappelletto, Joshuaede"]
[Result "1-0"]
[ECO "A35"]
[WhiteElo "1882"]
[BlackElo "2138"]
[Annotator "NA"]
[PlyCount "87"]
[EventDate "2019.08.02"]
[EventType "swiss"]
[EventCountry "SVK"]
[SourceTitle "playchess.com"]
[Source "ChessBase"]
[SourceQuality "1"]
[TimeControl "40/5400+30:1800+30"]

1. c4 c5 2. Nc3 Nc6 3. Nf3 g6 4. e3 Nf6 5. d4 cxd4 6. exd4 Bg7 7. d5 Nb8 8. Be2 d6 9. O-O O-O 10. h3 Nbd7 11. Be3 a5 12. Re1 Nc5 13. Bd4 Bd7 14. Bf1 Re8 15. Ne5 Qc8 16. Nxd7 Qxd7 17. Qf3 Rac8 18. Rad1 Qd8 19. b3 Nfd7 20. Bxg7 Kxg7 21. Ne4 Nxe4 22. Rxe4 Nf6 23. Re3 Qb6 24. Rde1 Rc7 25. Bd3 Qd4 26. a4 Nd7 27. Bb1 Nc5 28. Qe2 Na6 29. Re4 Qc3 30. Re3 Qb4 31. f4 Nc5 32. f5 Qb6 33. Kh1 e5 34. dxe6 fxe6 35. fxe6 Rce7 36. Qb2+ Kg8 37. Qf6 Qd8 38. Kh2 Qc8 39. Bf5 Qc7 40. Bxg6 hxg6 41. Qxg6+ Kh8 42. Qh5+ Kg7 43. Rg3+ Kf8 44. Qh8# 1-0

[Event "EYCC Open-U14 2019"]
[Site "Bratislava"]
[Date "2019.08.07"]
[Round "6.32"]
[White "Fardet, Elouan"]
[Black "Andrijashkin, Deniss"]
[Result "0-1"]
[ECO "C70"]
[WhiteElo "2047"]
[BlackElo "1862"]
[Annotator "NA"]
[PlyCount "100"]
[EventDate "2019.08.02"]
[EventType "swiss"]
[EventCountry "SVK"]
[SourceTitle "playchess.com"]
[Source "ChessBase"]
[SourceQuality "1"]
[TimeControl "40/5400+30:1800+30"]

1. e4 e5 2. Nf3 Nc6 3. Bb5 a6 4. Ba4 g6 5. c3 Bg7 6. d4 exd4 7. cxd4 Nge7 8. d5 Na5 9. Bd2 Nc4 10. Bc3 Bxc3+ 11. Nxc3 b5 12. Bc2 d6 13. b3 Ne5 14. Nd4 O-O 15. O-O f5 16. exf5 Nxf5 17. Nxf5 Bxf5 18. Bxf5 Rxf5 19. Rc1 Qh4 20. f3 Raf8 21. Qe1 Qh6 22. Rc2 Ng4 23. fxg4 Rxf1+ 24. Qxf1 Rxf1+ 25. Kxf1 Qf4+ 26. Ke1 Qxg4 27. Rd2 b4 28. Na4 Qe4+ 29. Kd1 Qb1+ 30. Ke2 Qg1 31. Nb2 Qxg2+ 32. Kd1 Qf3+ 33. Kc1 h5 34. Nd1 g5 35. Nf2 g4 36. Nd3 h4 37. Kc2 g3 38. hxg3 Qxg3 39. Nxb4 h3 40. Nd3 h2 41. Nf2 Qxf2 42. Rxf2 h1=Q 43. Rd2 Qe4+ 44. Kb2 Kf7 45. Kc1 Kf6 46. Kd1 Qb1+ 47. Ke2 Ke5 48. Kf2 Ke4 49. Ke2 Qg1 50. b4 Qb1 0-1

[Event "EYCC Open-U14 2019"]
[Site "Bratislava"]
[Date "2019.08.07"]
[Round "6.33"]
[White "Kristoferitsch, Daniel"]
[Black "Backiel, Hubert"]
[Result "1-0"]
[ECO "B33"]
[WhiteElo "2108"]
[BlackElo "1748"]
[Annotator "NA"]
[PlyCount "75"]
[EventDate "2019.08.02"]
[EventType "swiss"]
[EventCountry "SVK"]
[SourceTitle "playchess.com"]
[Source "ChessBase"]
[SourceQuality "1"]
[TimeControl "40/5400+30:1800+30"]

1. e4 c5 2. Nf3 Nc6 3. d4 cxd4 4. Nxd4 Nf6 5. Nc3 e5 6. Ndb5 d6 7. Bg5 a6 8. Na3 b5 9. Nd5 Be7 10. Bxf6 Bxf6 11. c3 Bg5 12. Nc2 O-O 13. a4 Rb8 14. axb5 axb5 15. Bd3 g6 16. Qe2 Be6 17. Bxb5 Bxd5 18. exd5 Ne7 19. c4 f5 20. O-O f4 21. Qe4 Nf5 22. b4 Qc8 23. Ra7 Rxb5 24. cxb5 f3 25. Kh1 fxg2+ 26. Qxg2 Bf4 27. Qh3 h6 28. Qd3 Qb8 29. Ra3 Re8 30. Rg1 Kh7 31. Ne3 e4 32. Qe2 Bxe3 33. fxe3 Re7 34. Qg4 Qe8 35. b6 Qf7 36. Ra7 Kh8 37. Qxg6 Qxd5 38. Rxe7 1-0

[Event "EYCC Open-U14 2019"]
[Site "Bratislava"]
[Date "2019.08.07"]
[Round "6.34"]
[White "Sobek, Michal"]
[Black "Krivenko, Dion"]
[Result "1-0"]
[ECO "B52"]
[WhiteElo "2101"]
[BlackElo "1700"]
[Annotator "NA"]
[PlyCount "101"]
[EventDate "2019.08.02"]
[EventType "swiss"]
[EventCountry "SVK"]
[SourceTitle "playchess.com"]
[Source "ChessBase"]
[SourceQuality "1"]
[TimeControl "40/5400+30:1800+30"]

1. e4 c5 2. Nf3 d6 3. Bb5+ Bd7 4. Bxd7+ Nxd7 5. O-O Ngf6 6. Re1 g6 7. c3 Bg7 8. d4 O-O 9. e5 Ne8 10. Bg5 dxe5 11. dxe5 Nc7 12. Na3 Ne6 13. Bh4 h6 14. Nc4 g5 15. Bg3 Nb6 16. Ne3 Qxd1 17. Raxd1 Rfd8 18. h4 Kf8 19. hxg5 hxg5 20. b3 a5 21. c4 Bh6 22. Nf5 Bg7 23. Ne3 Bh6 24. Nd5 Nxd5 25. cxd5 Nc7 26. d6 Ne6 27. Nd2 b5 28. Ne4 a4 29. f4 exd6 30. fxg5 Nxg5 31. exd6 Nxe4 32. Rxe4 axb3 33. axb3 Bg7 34. Rd5 Bd4+ 35. Kh2 Rd7 36. Rg4 f6 37. Rh4 Raa7 38. b4 Rh7 39. bxc5 Rxh4+ 40. Bxh4 Be5+ 41. g3 Ke8 42. c6 Ra4 43. d7+ Kd8 44. Kh3 Rc4 45. Rxe5 Rxc6 46. Rxb5 Kxd7 47. Rf5 Ke7 48. Rxf6 Rxf6 49. Bxf6+ Kxf6 50. Kh4 Kg6 51. Kg4 1-0

[Event "EYCC Open-U14 2019"]
[Site "Bratislava"]
[Date "2019.08.07"]
[Round "6.35"]
[White "Papidakis, Georgios"]
[Black "Luczak, Filip"]
[Result "0-1"]
[ECO "A45"]
[WhiteElo "1888"]
[BlackElo "2144"]
[Annotator "NA"]
[PlyCount "60"]
[EventDate "2019.08.02"]
[EventType "swiss"]
[EventCountry "SVK"]
[SourceTitle "playchess.com"]
[Source "ChessBase"]
[SourceQuality "1"]
[TimeControl "40/5400+30:1800+30"]

1. d4 Nf6 2. Bf4 b6 3. e3 Bb7 4. Nf3 g6 5. Bd3 Bg7 6. h3 d6 7. a4 a5 8. Nbd2 Nbd7 9. Bh2 O-O 10. O-O Re8 11. Nc4 Ne4 12. c3 e5 13. Qc2 Ng5 14. Nxg5 Qxg5 15. f4 exf4 16. exf4 Qd5 17. Qf2 Nc5 18. Be2 Ne4 19. Qf3 f5 20. Rfe1 Qf7 21. Nd2 c5 22. Nxe4 Bxe4 23. Qf2 cxd4 24. cxd4 Rec8 25. Qe3 Qd5 26. Rad1 Rc2 27. Bf3 Bxf3 28. gxf3 Rxb2 29. Rd3 Rb4 30. Kh1 Rxa4 0-1

[Event "EYCC Open-U14 2019"]
[Site "Bratislava"]
[Date "2019.08.07"]
[Round "6.36"]
[White "Silva, Pedro Gil Ferreira D"]
[Black "Droin, Augustin"]
[Result "0-1"]
[ECO "A06"]
[WhiteElo "2049"]
[BlackElo "2172"]
[Annotator "NA"]
[PlyCount "72"]
[EventDate "2019.08.02"]
[EventType "swiss"]
[EventCountry "SVK"]
[SourceTitle "playchess.com"]
[Source "ChessBase"]
[SourceQuality "1"]
[TimeControl "40/5400+30:1800+30"]

1. Nf3 d5 2. b3 f6 3. d4 Nc6 4. Bb2 Bg4 5. Nbd2 Qd6 6. h3 Bf5 7. Nh4 Bd7 8. e3 O-O-O 9. c4 e5 10. cxd5 Qxd5 11. Bc4 Qa5 12. d5 Nce7 13. e4 f5 14. O-O Nf6 15. Bxe5 Nxe4 16. Nxe4 fxe4 17. Qd4 Rg8 18. b4 Qb6 19. Qxb6 axb6 20. d6 cxd6 21. Bxd6 Nc6 22. Bg3 Bxb4 23. Bxg8 Rxg8 24. f4 Re8 25. Rfd1 g6 26. Rac1 Bc5+ 27. Kh1 Nb4 28. a3 Nd3 29. Rc3 Bb5 30. Rb1 Bc6 31. Kh2 Rf8 32. Rf1 g5 33. Nf3 gxf4 34. Bh4 exf3 35. Rxd3 fxg2 36. Rfd1 f3 0-1

[Event "EYCC Open-U14 2019"]
[Site "Bratislava"]
[Date "2019.08.07"]
[Round "6.37"]
[White "Nareks, Matic"]
[Black "Creanga, Robert-Ionut"]
[Result "1/2-1/2"]
[ECO "B07"]
[WhiteElo "1937"]
[BlackElo "2024"]
[Annotator "NA"]
[PlyCount "63"]
[EventDate "2019.08.02"]
[EventType "swiss"]
[EventCountry "SVK"]
[SourceTitle "playchess.com"]
[Source "ChessBase"]
[SourceQuality "1"]
[TimeControl "40/5400+30:1800+30"]

1. e4 d6 2. d4 Nf6 3. Nc3 g6 4. f3 Bg7 5. Be3 c6 6. Qd2 b5 7. g4 Nbd7 8. g5 Nh5 9. Nge2 a6 10. f4 Nb6 11. b3 Bb7 12. Bg2 Qc7 13. O-O e5 14. dxe5 dxe5 15. f5 Bf8 16. Rad1 Be7 17. Qe1 Nd7 18. Qf2 O-O-O 19. a4 h6 20. axb5 axb5 21. f6 Bd6 22. Bh3 hxg5 23. Bb6 Qb8 24. Ba7 Qc7 25. Bb6 Qb8 26. Qe3 Ba8 27. Ba7 Qc7 28. Bb6 Qb8 29. Bxd8 Rxd8 30. Kh1 Kc7 31. Rxd6 Kxd6 32. Qxg5 1/2-1/2